 Dungeon Crawl Stone Soup version 0.25.1-8-g42b30a86e7 (webtiles) character file.

Game seed: 13998016230465018739

199 DearestLeader the Chiller (level 5, -7/28 HPs)
             Began as a Gargoyle Ice Elementalist on Dec 14, 2020.
             Killed by divine providence
             ... invoked by an orc priest
              (16 damage)
             ... on level 3 of the Dungeon on Dec 15, 2020.
             The game lasted 00:05:36 (2679 turns).

DearestLeader the Chiller (GrIE)                    Turns: 2679, Time: 00:05:37

Health: -7/28      AC:  6    Str: 11    XL:     5   Next: 77%
Magic:  6/9        EV: 12    Int: 17    God:
Gold:   92         SH:  0    Dex: 10    Spells: 2/9 levels left

rFire    . . .     SeeInvis .   d - +0 dagger
rCold    . . .     Gourm    .   (no shield)
rNeg     + . .     Faith    .   a - +0 robe
rPois    ∞         Spirit   .   (no helmet)
rElec    +         Reflect  .   (no cloak)
rCorr    .         Harm     .   (no gloves)
MR       .....                  (no boots)
Stlth    ++........             (no amulet)
HPRegen  0.09/turn              (no ring)
MPRegen  0.11/turn              (no ring)

@: no status effects
A: negative energy resistance 1, electricity resistance, unbreathing,
petrification resistance, rot immunity, AC +4
a: no special abilities


You were on level 3 of the Dungeon.
You were not hungry.

You visited 1 branch of the dungeon, and saw 3 of its levels.

You collected 92 gold pieces.

Inventory:

Hand Weapons
 d - a +0 dagger (weapon)
Armour
 a - a +0 robe (worn)
Scrolls
 b - a scroll of amnesia {unknown}
 e - 5 scrolls of teleportation {unknown}
 h - a scroll of identify {unknown}
 j - a scroll of enchant armour {unknown}
Potions
 f - 2 potions of might {unknown}
 g - a potion of stabbing {unknown}
 i - 2 potions of ambrosia {unknown}
 k - a potion of curing {unknown}
 l - 3 potions of brilliance {unknown}
Comestibles
 c - 5 rations
 m - 9 chunks of flesh


   Skills:
 - Level 1.5 Dodging
 - Level 2.1 Stealth
 + Level 2.7 Spellcasting
 * Level 6.5 Ice Magic


You had 2 spell levels left.
You knew the following spells:

 Your Spells              Type           Power        Failure   Level  Hunger
a - Freeze                Ice            ###.         1%          1    #......
b - Ozocubu's Armour      Chrm/Ice       ##......     14%         3    ###....
c - Frozen Ramparts       Ice            ###...       3%          3    ###....

Your spell library contained the following spells:

 Spells                   Type           Power        Failure   Level  Hunger
 Hailstorm                Conj/Ice       ##......     43%         4    #####..
 Summon Ice Beast         Ice/Summ       ##......     43%         4    #####..


Dungeon Overview and Level Annotations

Branches:
Dungeon (3/15)

Altars:


Innate Abilities, Weirdness & Mutations

You are resistant to torment.
Your stone body is resilient. (AC +4)
You are immune to poison.
You resist negative energy. (rN+)
You are resistant to electric shocks. (rElec)
You can survive without breathing.
You are immune to petrification.
You are immune to rotting.


Message History

The orc priest begins to cast a cantrip, but forgets the words!
The orc priest calls upon Beogh to heal the orc priest.
The orc priest is healed somewhat.
The wall freezes the orc priest!
The wall freezes the orc priest.
The wall freezes the orc priest.
The wall freezes the orc priest.
You kill the orc priest!
The wall freezes the orc.
The orc throws a boomerang.
The boomerang barely misses you.
The weapon returns to the orc!
The wall freezes the orc.
The orc throws a boomerang.
The boomerang hits you but does no damage.
The wall freezes the orc.
You kill the orc!
The wall freezes the orc.
The frozen ramparts melt away.
The orc priest calls down the wrath of Beogh upon you.
Beogh smites you!
Ouch! That really hurt!
You die...

#.##. #.......#
..... #.....o...#
#..... +.......o.+
#.#..o####..S..oo..#
#...o.o[###.......##
#.# ##.....## #o#
##...## #)# '# #@#
#.# #.# #.##### #.#
##...... #.# ##...##
#.# #.....#
#>#####...######
#...............
#####.##÷.##.##
#.##<....###


You could see an orc priest and an orc.

Vanquished Creatures
  2 orc priests (D:3)
  An orc wizard (D:3)
  3 adders
  2 worms (D:2)
  3 dart slugs
  3 leopard geckos
  2 orcs (D:3)
  5 giant cockroaches
  7 goblins
  A hobgoblin (D:1)
  9 jackals
  11 kobolds
  A ball python (D:3)
  3 bats
  6 frilled lizards
  9 rats
68 creatures vanquished.

Notes
Turn   | Place    | Note
-------+----------+-------------------------------------------
     0 | D:1      | DearestLeader the Gargoyle Ice Elementalist began the quest
                  | for the Orb.
     0 | D:1      | Reached XP level 1. HP: 10/10 MP: 3/3
   226 | D:1      | Reached XP level 2. HP: 15/15 MP: 5/5
   796 | D:1      | Reached XP level 3. HP: 19/19 MP: 4/6
   809 | D:1      | Learned a level 3 spell: Ozocubu's Armour
   951 | D:1      | Reached skill level 5 in Ice Magic
  1765 | D:2      | Reached XP level 4. HP: 24/24 MP: 5/7
  1770 | D:2      | Learned a level 3 spell: Frozen Ramparts
  1851 | D:2      | Found a faded altar of an unknown god.
  2504 | D:3      | Reached skill level 6 in Ice Magic
  2504 | D:3      | Reached XP level 5. HP: 27/28 MP: 4/8
  2679 | D:3      | Killed from afar by an orc priest

Illustrated notes

Levels and vault maps discovered:
D:1:      elethiomel_arrival_infinity_welcomes_careful_drivers, layout_basic
D:2:      layout_basic, chequers_ecumenical_altar_twisty
D:3:      layout_loops_corners

Skill      XL: |  1  2  3  4 |
---------------+-------------+-----
Ice Magic      | 5 6 |  6.5
Dodging        | |  1.5
Stealth        | |  2.1
Spellcasting   | |  2.7

Action                   |  1- 3 |  4- 6 || total
-------------------------+-------+-------++-------
Melee: Dagger            |   106 |    85 ||   191
 Cast: Freeze            |    24 |       ||    24
       Frozen Ramparts   |       |     9 ||     9
 Stab: Sleeping          |    10 |     1 ||    11
       Distracted        |     1 |       ||     1
  Eat: Chunk             |     3 |     4 ||     7
Armor: Robe              |    29 |    26 ||    55
Dodge: Dodged            |    67 |    70 ||   137
